Map: Deathaura LE

Players

Red

  • Race: Protoss Protoss
  • League: Diamond
  • Spawn Location: 5:00

DrSpaceman - Winner!

  • Race: Zerg Zerg
  • League: Diamond
  • Spawn Location: 11:00

VOD

Have the link to the VOD?

Description

Time

  • Played on: Sept. 16, 2020, 11:04 a.m.
  • Length: 19:11
Show
View Real Time Build Order
Export as new Build Order

Red Protoss 

Build Orders: 1 Gate Expand, Carriers 

Get SALT Encoding   

  12  0:00  Probe  
  13  0:12  Probe  
  14  0:17  Pylon  
  14  0:24  Probe  
  15  0:36  Probe (Chrono Boost)  
  15  0:38  Gateway  
  16  0:48  Probe (Chrono Boost)  
  17  0:51  Assimilator  
  17  0:53  Probe (Chrono Boost)  
  18  1:03  Probe (Chrono Boost)  
  19  1:14  Probe (Chrono Boost)  
  20  1:19  Probe (Chrono Boost)  
  21  1:39  Nexus  
  21  1:42  Pylon  
  21  1:44  Zealot  
  23  1:52  Cybernetics Core  
  23  2:06  Gateway  
  23  2:09  Pylon  
  23  2:14  Zealot (Chrono Boost)  
  23  2:20  Probe  
  26  2:28  Warp Gate (Chrono Boost)  
  26  2:33  Probe  
  29  2:46  Stalker (Chrono Boost)  
  29  2:52  Probe  
  29  2:53  Assimilator  
  30  2:59  Zealot (Chrono Boost)  
  30  3:04  Probe  
  33  3:08  Gateway  
  33  3:09  Probe  
  34  3:17  Zealot (Chrono Boost)  
  36  3:21  Probe x2  
  36  3:30  Zealot (Chrono Boost)  
  36  3:33  Probe  
  35  3:42  Probe  
  35  3:45  Probe  
  35  3:54  Probe  
  36  3:57  Probe  
  37  4:09  Probe x2  
  39  4:16  Zealot  
  41  4:17  Stalker, Robotics Facility  
  41  4:21  Probe  
  44  4:25  Zealot  
  44  4:27  Probe  
  47  4:33  Probe  
  47  4:34  Pylon  
  47  4:37  Pylon  
  48  4:39  Probe  
  48  4:43  Stargate  
  48  4:45  Probe  
  50  4:51  Probe  
  51  4:56  Assimilator  
  51  4:57  Probe  
  52  5:03  Stalker  
  52  5:04  Zealot, Stalker  
  58  5:08  Observer (Chrono Boost)  
  59  5:18  Probe x2, Forge  
  59  5:20  Pylon  
  61  5:29  Zealot x2, Stalker  
  61  5:30  Probe x2  
  69  5:40  Assimilator  
  69  5:42  Probe x2  
  71  5:45  Immortal (Chrono Boost)  
  71  5:47  Oracle (Chrono Boost)  
  75  5:52  Protoss Ground Weapons Level 1  
  78  6:09  Pylon  
  78  6:12  Pylon  
  78  6:15  Probe x2  
  78  6:16  Pylon  
  72  6:27  Probe  
  72  6:28  Probe  
  72  6:30  Stalker  
  72  6:31  Zealot  
  78  6:33  Nexus  
  78  6:39  Photon Cannon, Probe  
  79  6:40  Probe  
  76  6:47  Stalker  
  76  6:51  Probe  
  76  6:52  Probe  
  78  7:03  Probe  
  78  7:04  Probe  
  78  7:07  Photon Cannon  
  80  7:10  Photon Cannon  
  80  7:16  Probe x2  
  80  7:22  Zealot x3  
  88  7:28  Probe  
  86  7:48  Probe x3  
  89  7:51  Void Ray (Chrono Boost)  
  89  7:55  Photon Cannon  
  89  7:58  Pylon  
  89  7:59  Protoss Shields Level 1 (Chrono Boost)  
  89  8:00  Probe x3  
  96  8:07  Twilight Council  
  96  8:10  Forge  
  96  8:13  Probe, Protoss Air Weapons Level 1 (Chrono Boost)  
  96  8:14  Probe x2  
  96  8:18  Assimilator  
  99  8:20  Assimilator  
  99  8:21  Photon Cannon  
  99  8:22  Void Ray (Chrono Boost)  
  99  8:24  Shield Battery  
  99  8:26  Probe x2, Zealot  
  103  8:29  Stalker x2  
  103  8:33  Probe  
  112  8:38  Probe  
  113  8:54  Probe x3  
  116  8:56  Nexus  
  116  8:59  Pylon  
  116  9:00  Sentry x2  
  116  9:01  Pylon, Sentry  
  122  9:05  Pylon  
  122  9:06  Probe x2  
  122  9:07  Probe  
  125  9:24  Charge (Chrono Boost)  
  125  9:26  Void Ray (Chrono Boost)  
  125  9:27  Nexus  
  125  9:33  Protoss Ground Weapons Level 2 (Chrono Boost)  
  129  9:43  Photon Cannon  
  129  9:46  Photon Cannon  
  129  9:49  Shield Battery  
  129  9:53  Probe x3, Gateway  
  129  9:54  Gateway  
  129  9:57  Gateway  
  129  9:59  Protoss Shields Level 2 (Chrono Boost)  
  132  10:00  Stalker  
  132  10:01  Zealot, Void Ray, Stalker  
  132  10:05  Probe x3  
  145  10:15  Gateway  
  145  10:17  Pylon  
  145  10:19  Pylon  
  145  10:24  Gateway  
  145  10:32  Zealot x2  
  149  10:45  Fleet Beacon  
  149  10:50  Probe  
  149  10:51  Probe x3  
  149  10:52  Protoss Air Armor Level 1 (Chrono Boost)  
  149  10:56  Assimilator  
  153  10:58  Assimilator  
  153  11:02  Probe, Zealot x3  
  160  11:17  Nexus  
  160  11:18  Pylon  
  160  11:19  Shield Battery  
  160  11:22  Pylon  
  160  11:25  Pylon  
  160  11:26  Gateway  
  159  11:38  Stargate  
  159  11:41  Stargate  
  159  11:44  Stargate  
  159  11:46  Stargate  
  159  11:59  Stalker x3  
  159  12:00  Stalker x2  
  169  12:02  Nexus  
  169  12:03  Zealot x3, Pylon  
  169  12:06  Pylon  
  175  12:10  Pylon  
  175  12:28  Shield Battery  
  175  12:34  Zealot x3, Shield Battery  
  175  12:35  Zealot x4  
  175  12:36  Protoss Air Weapons Level 2  
  189  12:38  Protoss Shields Level 3 (Chrono Boost), Protoss Ground Weapons Level 3 (Chrono Boost)  
  189  12:58  Photon Cannon  
  189  13:00  Shield Battery  
  189  13:03  Photon Cannon  
  189  13:07  Photon Cannon  
  189  13:08  Photon Cannon  
  189  13:10  Shield Battery  
  189  13:14  Shield Battery  
  189  13:19  Gateway  
  189  13:25  Zealot x2  
  189  13:26  Zealot x3  
  199  13:43  Gateway  
  199  13:45  Gateway  
  199  13:47  Gateway  
  199  13:49  Gateway  
  199  13:50  Photon Cannon  
  199  13:51  Shield Battery  
  189  14:04  Stargate  
  189  14:05  Carrier (Chrono Boost), Stargate  
  189  14:06  Carrier x2 (Chrono Boost)  
  195  14:12  Carrier (Chrono Boost)  
  175  14:21  Carrier (Chrono Boost)  
  175  14:24  Zealot x4  
  161  14:25  Zealot x4  
  161  14:26  Zealot  
  143  14:41  Nexus  
  143  14:46  Probe  
  143  14:47  Probe x2  
  152  14:54  Probe  
  152  14:55  Carrier (Chrono Boost)  
  152  14:58  Probe, Carrier (Chrono Boost)  
  160  15:04  Carrier (Chrono Boost)  
  160  15:05  Assimilator, Carrier  
  160  15:06  Assimilator  
  172  15:18  Carrier  
  178  15:33  Observer (Chrono Boost)  
  179  15:38  Carrier  
  179  15:40  Carrier  
  191  15:46  Observer (Chrono Boost)  
  183  16:00  Probe x2  
  183  16:01  Probe x2  
  184  16:06  Observer  
  184  16:08  Nexus  
  185  16:12  Probe  
  185  16:13  Probe x2  
  182  16:32  Protoss Air Weapons Level 3 (Chrono Boost)  
  182  16:33  Probe  
  182  16:34  Probe x3  
  186  16:45  Probe  
  186  16:46  Probe  
  185  16:48  Carrier (Chrono Boost)  
  185  16:53  Carrier (Chrono Boost)  
  157  17:15  Probe  
  157  17:20  Probe x4  
  161  17:27  Probe  
  162  17:32  Probe  
  162  17:33  Probe x3  
  162  17:39  Probe  
  153  17:44  Probe  
  153  17:45  Probe x3  
  153  17:50  Carrier x3  
  174  17:51  Probe  
  174  17:56  Probe  
  176  18:04  Probe x3  
  177  18:08  Probe  
  168  18:16  Probe x3  
  171  18:20  Probe  
  172  18:28  Probe x3  
  172  18:32  Probe  
  176  18:35  Nexus  
Show
View Real Time Build Order
Export as new Build Order

DrSpaceman Zerg - Winner!

Build Orders: 3 Hatch before Pool, Lurkers, Swarm Host 

Get SALT Encoding   

  12  0:08  Overlord  
  12  0:13  Drone  
  13  0:16  Drone  
  14  0:28  Drone  
  15  0:33  Drone  
  16  0:43  Drone  
  17  0:57  Hatchery  
  16  1:21  Hatchery  
  15  1:29  Spawning Pool  
  14  1:33  Drone  
  14  1:37  Drone  
  16  1:40  Drone  
  16  1:45  Drone  
  18  1:55  Overlord  
  18  2:06  Drone  
  19  2:09  Drone  
  20  2:24  Hatchery  
  19  2:32  Queen  
  19  2:34  Drone x2  
  23  2:37  Drone  
  23  2:40  Drone  
  25  2:50  Spine Crawler  
  24  2:54  Zergling x4  
  24  2:55  Zergling x2  
  24  2:57  Drone  
  28  3:00  Drone  
  28  3:02  Drone  
  28  3:04  Drone x2  
  32  3:14  Drone x2  
  32  3:15  Drone  
  32  3:18  Zergling x2  
  33  3:27  Drone  
  31  3:45  Hatchery  
  31  3:46  Drone x3, Zergling x2  
  31  3:47  Drone x2  
  31  3:48  Drone x3  
  39  3:53  Extractor  
  39  3:54  Extractor  
  37  4:04  Hatchery  
  37  4:06  Drone x2  
  37  4:07  Drone  
  38  4:13  Drone  
  38  4:14  Drone x2  
  41  4:25  Extractor  
  41  4:27  Spore Crawler  
  41  4:28  Spine Crawler, Queen x2  
  41  4:31  Spore Crawler  
  41  4:32  Zergling x2  
  41  4:34  Overlord  
  42  4:46  Metabolic Boost  
  42  4:48  Overlord  
  42  4:49  Overlord  
  42  4:50  Overlord  
  42  4:52  Queen  
  42  4:56  Drone x3  
  42  4:57  Drone x3  
  50  5:02  Evolution Chamber, Drone  
  50  5:04  Overlord  
  50  5:13  Zergling x6  
  53  5:21  Zergling x6  
  55  5:23  Spore Crawler  
  55  5:25  Spore Crawler  
  54  5:28  Zergling x4  
  54  5:35  Drone x3  
  59  5:36  Spine Crawler  
  59  5:37  Spore Crawler, Zerg Melee Weapons Level 1  
  59  5:42  Lair  
  57  5:44  Drone  
  57  5:45  Drone  
  57  5:47  Drone  
  60  5:51  Overlord  
  60  5:53  Overlord  
  60  5:55  Drone  
  61  5:58  Overlord  
  61  5:59  Drone  
  61  6:02  Drone  
  61  6:03  Drone  
  64  6:05  Drone  
  64  6:06  Drone  
  64  6:10  Drone  
  67  6:13  Pneumatized Carapace  
  67  6:14  Drone  
  67  6:17  Drone x2  
  70  6:24  Drone x2  
  72  6:27  Overlord  
  72  6:33  Overlord  
  72  6:36  Hatchery  
  70  6:41  Zergling x8  
  72  6:52  Drone x2  
  72  6:53  Drone x2  
  75  7:03  Hydralisk Den, Extractor  
  75  7:04  Extractor, Spore Crawler  
  75  7:07  Spine Crawler x3, Spore Crawler  
  67  7:13  Zergling x16  
  75  7:18  Spore Crawler  
  74  7:23  Spine Crawler  
  74  7:24  Spine Crawler  
  69  7:32  Zerg Missile Weapons Level 1  
  69  7:38  Drone x5  
  69  7:43  Lurker Den  
  73  7:45  Spore Crawler  
  73  7:46  Spire, Drone x3  
  73  7:47  Drone x3  
  73  7:48  Drone  
  73  7:50  Spore Crawler  
  77  7:53  Spore Crawler x2  
  77  7:57  Spine Crawler  
  74  8:01  Drone  
  74  8:02  Spine Crawler, Drone x3  
  74  8:03  Overseer, Spine Crawler, Spore Crawler  
  74  8:04  Overseer  
  74  8:05  Overseer  
  75  8:06  Overseer  
  75  8:07  Overlord  
  75  8:12  Drone x3  
  78  8:18  Hydralisk x2  
  82  8:21  Hydralisk  
  82  8:22  Drone x2  
  82  8:23  Drone  
  82  8:26  Drone x2  
  89  8:27  Drone  
  89  8:28  Extractor  
  89  8:29  Drone  
  89  8:30  Drone  
  89  8:31  Drone  
  89  8:32  Drone  
  93  8:34  Hydralisk  
  94  8:48  Spore Crawler  
  93  8:49  Spine Crawler, Spore Crawler, Lurker x2  
  93  8:50  Spore Crawler  
  92  8:56  Spine Crawler  
  92  8:57  Drone x5  
  92  8:59  Spore Crawler x2, Lurker  
  95  9:03  Overlord x2  
  95  9:05  Overseer  
  95  9:07  Overlord  
  95  9:12  Hydralisk x2  
  95  9:13  Lurker  
  98  9:36  Spine Crawler  
  98  9:37  Spine Crawler  
  98  9:38  Hydralisk x3  
  96  9:40  Lurker  
  103  9:46  Spine Crawler  
  103  9:47  Spine Crawler  
  103  9:48  Drone x5  
  103  9:51  Spore Crawler  
  103  9:52  Spore Crawler, Drone x6  
  110  9:54  Spore Crawler  
  110  9:59  Spore Crawler  
  108  10:00  Spine Crawler  
  108  10:02  Hydralisk  
  108  10:04  Lurker  
  108  10:06  Spine Crawler  
  109  10:14  Zerg Melee Weapons Level 2  
  109  10:20  Spore Crawler  
  108  10:24  Drone x4  
  112  10:29  Spore Crawler  
  112  10:30  Lurker x4  
  115  10:38  Drone x3  
  115  10:39  Extractor, Drone x3  
  115  10:40  Spine Crawler, Extractor, Drone x2  
  115  10:42  Spine Crawler  
  119  10:57  Overlord x3  
  119  11:03  Zerg Flyer Weapons Level 1  
  119  11:04  Spire  
  118  11:10  Infestation Pit  
  117  11:19  Overseer  
  117  11:33  Spore Crawler  
  117  11:34  Spore Crawler  
  115  11:46  Overlord, Evolution Chamber  
  115  11:47  Overlord  
  114  11:57  Hive, Swarm Host x3  
  114  11:58  Swarm Host x7  
  114  11:59  Swarm Host x4  
  156  12:09  Swarm Host x5  
  171  12:16  Spine Crawler  
  171  12:20  Spore Crawler  
  171  12:21  Spore Crawler x2  
  171  12:22  Spine Crawler  
  166  12:30  Zerg Missile Weapons Level 2  
  166  12:33  Overlord x5  
  166  12:34  Overseer  
  166  12:35  Overseer  
  166  12:41  Zerg Flyer Armor Level 1  
  166  12:52  Overseer  
  161  13:35  Hydralisk  
  161  13:36  Hydralisk  
  161  13:37  Hydralisk  
  167  13:45  Spine Crawler x2  
  167  13:47  Spore Crawler  
  163  13:58  Swarm Host x2  
  163  13:59  Swarm Host  
  172  14:08  Lurker x3  
  168  14:27  Spore Crawler  
  159  14:33  Spore Crawler  
  159  14:34  Spore Crawler x4  
  154  14:38  Zerg Flyer Armor Level 2, Zerg Flyer Weapons Level 2  
  154  14:41  Adaptive Talons  
  154  14:42  Spore Crawler  
  153  14:49  Overseer x3  
  153  14:50  Mutalisk x2  
  153  14:51  Mutalisk x7  
  153  14:52  Mutalisk x3  
  177  15:33  Hatchery  
  177  15:34  Spine Crawler  
  177  15:35  Spine Crawler  
  174  15:36  Spore Crawler  
  174  15:38  Seismic Spines, Spore Crawler x2  
  174  15:39  Spore Crawler  
  170  15:49  Overlord x3  
  170  15:50  Overlord x2  
  170  15:51  Overseer x6  
  170  15:53  Corruptor x4  
  178  16:31  Corruptor x3  
  178  16:32  Corruptor x2  
  188  16:48  Corruptor  
  188  16:53  Spore Crawler  
  189  17:01  Corruptor x2  
  185  17:17  Corruptor x2  
  165  17:48  Corruptor x2  
  165  17:49  Corruptor  
  169  17:51  Corruptor  
  159  18:09  Corruptor  
  161  18:38  Corruptor x3  
  161  18:39  Spore Crawler  
  166  18:43  Mutalisk  
Tags
 
Add a new tag
Caveats
  • Supply blocks, unpowered buildings, or Contaminate may cause inaccurate times.
  • Supply counts are checked every 10 seconds.